cohdb
Replays
Latest Replays
All Replays
Popular Replays
Top Player Replays
Match Explorer
How It Works
Community
CoH3 Stats
Reddit
Sign in to upload your games and track your stats! →
Sign in with Steam
Match 42554014
Unlisted
Match 42554014
Overview
Messages
Build Orders
End
Construct Section Command Post
Dingo Light Scout Car
Infantry Section
Infantry Section
Infantry Section
Construct Platoon Command Post
Humber Armored Car
CMP 15cwt Truck
Grenade Package
Vickers Machine Gun Team
Unlock Bishop Self-propelled Artillery
Bishop Self-propelled Artillery
6-pounder Anti-tank Gun Team
Royal Engineer Section
Royal Engineer Section
6-pounder Anti-tank Gun Team
Construct Company Command Post
Construct Company Command Post
Selects Heavy Armor Battlegroup
Selects Rigorous Vehicle Training
Selects Forward Repair Assembly
masterx.
Pickle
한글
Fank
Foaly
CPU - VERY EASY
모초입니다
보초입니다
0
0
Comments
sign in to comment!
No comments posted yet!